Map: Dusk Towers

Players

SortOf - Winner!

  • Race: Zerg Zerg
  • League: Platinum

ShoWTimE

  • Race: Protoss Protoss
  • League: Grandmaster

Event: DreamHack Open Tours WCS Spring Championship

VOD

https://www.youtube.com/watch?v=EndvCalFOTc

Description

Time

  • Played on: May 14, 2016, 10:50 a.m.
  • Length: 14:16

All games in this series

Show
View Real Time Build Order
Export as new Build Order

SortOf Zerg - Winner!

Build Orders: Hatch First 

Get SALT Encoding   

  12  0:00  Drone  
  13  0:12  Overlord  
  13  0:17  Drone  
  14  0:31  Drone x2  
  14  0:35  Drone  
  17  0:47  Drone  
  18  0:54  Hatchery  
  17  0:58  Drone  
  18  1:20  Drone x2  
  18  1:22  Extractor  
  18  1:23  Spawning Pool  
  18  1:29  Drone  
  20  1:40  Drone  
  20  1:55  Drone  
  20  2:00  Overlord  
  21  2:08  Drone  
  22  2:10  Queen x2  
  22  2:11  Zergling x2  
  27  2:18  Evolution Chamber  
  27  2:21  Zergling x2  
  27  2:25  Drone  
  27  2:28  Drone  
  29  2:33  Drone  
  30  2:43  Drone  
  30  2:44  Zerg Melee Weapons Level 1  
  31  2:46  Drone  
  32  2:52  Hatchery  
  32  2:56  Overlord  
  31  3:01  Zergling x4  
  33  3:07  Drone  
  34  3:13  Overlord, Metabolic Boost  
  34  3:19  Drone x3  
  37  3:22  Drone  
  37  3:23  Drone  
  37  3:26  Drone  
  40  3:32  Queen  
  42  3:34  Zergling x2  
  42  3:36  Zergling x2  
  42  3:41  Zergling x4  
  46  3:44  Zergling x2  
  47  3:49  Overlord  
  47  3:51  Zergling x2  
  47  3:52  Zergling x2  
  47  3:55  Zergling x6  
  51  4:01  Overlord  
  52  4:03  Overlord  
  52  4:05  Zergling x4  
  54  4:11  Zergling x2  
  54  4:15  Zergling x2  
  56  4:17  Overlord  
  56  4:22  Zergling x6  
  59  4:30  Zergling x4  
  61  4:33  Queen  
  61  4:35  Zergling x10  
  68  4:38  Drone  
  68  4:42  Zerg Ground Armor Level 1  
  68  4:44  Zergling x2  
  70  4:52  Zergling x10  
  70  4:55  Drone  
  70  4:57  Drone  
  70  4:58  Drone  
  70  4:59  Drone  
  68  5:03  Drone  
  68  5:04  Drone  
  68  5:06  Drone  
  71  5:09  Drone x2  
  72  5:14  Drone x2  
  72  5:19  Spore Crawler, Queen  
  71  5:23  Queen  
  71  5:27  Drone  
  69  5:30  Drone  
  69  5:31  Spore Crawler, Drone  
  69  5:33  Drone  
  69  5:38  Overlord  
  69  5:40  Drone  
  70  5:43  Spore Crawler  
  70  5:44  Drone x3  
  70  5:47  Drone  
  70  5:48  Overlord  
  73  5:55  Overlord  
  70  5:59  Queen  
  70  6:03  Lair  
  72  6:07  Baneling Nest, Drone  
  72  6:08  Drone x3  
  72  6:09  Extractor x2  
  73  6:12  Drone x3  
  73  6:14  Drone  
  73  6:16  Drone x2  
  79  6:20  Drone x2  
  81  6:29  Hatchery  
  81  6:31  Drone x2  
  82  6:37  Zergling x14  
  88  6:41  Drone x3  
  88  6:45  Drone x2  
  89  6:49  Evolution Chamber, Drone x3  
  89  6:50  Extractor  
  89  6:53  Baneling x5  
  89  6:55  Drone  
  89  6:57  Drone x2  
  92  7:02  Drone x2  
  92  7:03  Zerg Melee Weapons Level 2  
  92  7:04  Drone  
  92  7:06  Extractor  
  92  7:08  Drone x2  
  95  7:16  Drone  
  95  7:17  Drone  
  95  7:20  Drone  
  95  7:22  Drone x2  
  91  7:23  Drone x2  
  91  7:24  Zergling x2, Drone  
  91  7:25  Zergling x2  
  91  7:29  Drone  
  95  7:31  Drone, Infestation Pit  
  95  7:33  Zergling x6  
  95  7:36  Zergling x2  
  92  7:46  Zerg Ground Armor Level 2  
  92  7:49  Drone x2  
  93  7:51  Overseer  
  93  7:54  Hatchery  
  93  7:56  Drone x5  
  97  7:59  Zergling x12  
  97  8:01  Overlord, Extractor  
  102  8:06  Drone  
  102  8:09  Centrifical Hooks, Hive  
  102  8:10  Spore Crawler  
  99  8:14  Drone x2  
  99  8:15  Drone  
  99  8:16  Drone x2  
  99  8:18  Drone x2  
  99  8:19  Overlord  
  102  8:23  Overlord  
  101  8:27  Spore Crawler, Drone x4  
  101  8:28  Drone x3  
  101  8:33  Overlord, Zergling x12  
  111  8:41  Spire, Queen  
  111  8:45  Zergling x6, Extractor  
  111  8:48  Baneling x4  
  113  8:52  Zergling x2  
  113  8:53  Zergling x8  
  118  8:57  Overlord x2  
  117  9:05  Zergling x2  
  117  9:06  Zergling x16  
  117  9:08  Overlord  
  125  9:10  Overseer  
  125  9:12  Drone x2  
  125  9:14  Overlord x2  
  126  9:20  Adrenal Glands  
  126  9:21  Zergling x2  
  126  9:22  Zergling x10  
  129  9:28  Zergling x12  
  135  9:35  Queen  
  135  9:37  Zerg Melee Weapons Level 3  
  137  9:41  Drone x3  
  139  9:46  Spine Crawler x3  
  139  9:51  Baneling x15  
  135  9:52  Baneling  
  135  9:53  Baneling x4  
  135  9:59  Greater Spire  
  134  10:01  Zergling x12  
  134  10:03  Drone  
  141  10:13  Zergling x4  
  141  10:14  Zergling x16  
  143  10:23  Zergling x18  
  144  10:29  Zergling x12  
  150  10:37  Corruptor  
  150  10:38  Spine Crawler  
  150  10:39  Spine Crawler  
  141  10:45  Baneling  
  141  10:46  Baneling x7  
  141  10:47  Zergling x12  
  143  10:56  Zergling x10  
  143  10:57  Zergling x8  
  145  11:06  Zergling x8  
  144  11:11  Overseer, Corruptor x2  
  144  11:13  Zergling x8  
  144  11:14  Zergling x2  
  144  11:17  Brood Lord  
  155  11:26  Overlord  
  155  11:28  Corruptor  
  153  11:33  Zergling x2  
  153  11:34  Zergling x14  
  153  11:38  Zergling x8  
  146  11:45  Zergling x2  
  146  11:46  Zergling x2  
  146  11:47  Zergling x6  
  121  11:56  Mutalisk x2, Zergling x2  
  121  12:00  Zergling x4  
  119  12:06  Mutalisk x2  
  119  12:07  Zergling x4  
  123  12:12  Hatchery  
  128  12:16  Brood Lord x3  
  128  12:21  Corruptor  
  128  12:22  Corruptor x3  
  136  12:31  Zergling x8  
  136  12:32  Zergling x2  
  141  12:40  Corruptor  
  141  12:41  Corruptor x3  
  141  12:44  Zergling x6  
  152  12:46  Overseer  
  152  12:47  Overseer  
  152  12:55  Zergling x2  
  152  12:56  Zergling x16  
  152  12:58  Baneling x4  
  160  13:04  Baneling x2  
  157  13:06  Zergling x12  
  157  13:09  Zergling x4  
  165  13:17  Overlord x2  
  165  13:19  Overlord  
  165  13:23  Overlord  
  165  13:25  Ultralisk Cavern  
  164  13:29  Brood Lord x2  
  167  13:36  Brood Lord  
  167  13:37  Brood Lord  
  167  13:38  Zergling x4  
  167  13:39  Zergling x4, Baneling  
  167  13:40  Baneling x2  
  167  13:41  Baneling  
  173  13:45  Baneling x2  
  173  13:50  Zergling x2  
  173  13:54  Zergling x18  
  179  13:58  Zergling x4  
Show
View Real Time Build Order
Export as new Build Order

ShoWTimE Protoss 

Build Orders: Phoenix Opening 

Get SALT Encoding   

  12  0:00  Probe (Chrono Boost)  
  13  0:11  Probe (Chrono Boost)  
  14  0:17  Pylon  
  14  0:22  Probe (Chrono Boost)  
  15  0:36  Probe (Chrono Boost)  
  16  0:46  Probe (Chrono Boost)  
  18  0:57  Probe (Chrono Boost)  
  18  1:07  Nexus  
  18  1:08  Probe (Chrono Boost)  
  19  1:16  Gateway  
  19  1:18  Probe (Chrono Boost)  
  20  1:25  Pylon  
  20  1:29  Probe (Chrono Boost)  
  21  1:36  Assimilator  
  21  1:38  Assimilator  
  22  1:40  Probe (Chrono Boost)  
  22  1:50  Probe (Chrono Boost)  
  23  1:55  Pylon  
  23  2:01  Probe (Chrono Boost)  
  24  2:03  Cybernetics Core  
  24  2:08  Zealot (Chrono Boost)  
  26  2:11  Probe  
  27  2:23  Probe (Chrono Boost)  
  27  2:24  Probe (Chrono Boost)  
  29  2:35  Probe (Chrono Boost)  
  29  2:36  Probe (Chrono Boost)  
  31  2:41  Stargate  
  31  2:45  Adept (Chrono Boost)  
  31  2:46  Probe x2 (Chrono Boost), Warp Gate  
  35  2:55  Probe  
  35  2:56  Probe  
  37  3:08  Mothership Core (Chrono Boost)  
  37  3:09  Probe (Chrono Boost)  
  40  3:18  Nexus  
  40  3:20  Probe (Chrono Boost)  
  40  3:23  Pylon  
  40  3:25  Probe (Chrono Boost)  
  42  3:31  Phoenix (Chrono Boost)  
  42  3:32  Probe  
  45  3:36  Probe  
  45  3:37  Pylon  
  46  3:44  Forge  
  46  3:46  Probe  
  46  3:48  Probe  
  47  3:53  Phoenix (Chrono Boost)  
  50  3:58  Probe x2  
  50  4:01  Assimilator  
  52  4:03  Assimilator  
  52  4:09  Probe  
  52  4:10  Probe  
  52  4:16  Phoenix (Chrono Boost)  
  54  4:18  Pylon  
  54  4:19  Probe  
  54  4:22  Probe  
  58  4:29  Probe  
  59  4:32  Probe  
  59  4:34  Probe  
  61  4:39  Probe  
  61  4:44  Probe  
  65  4:47  Probe, Oracle  
  65  4:48  Photon Cannon  
  65  4:50  Probe  
  65  4:52  Pylon  
  68  4:54  Pylon  
  68  4:55  Probe  
  65  5:01  Photon Cannon  
  65  5:02  Gateway  
  65  5:04  Gateway  
  64  5:07  Probe  
  64  5:09  Probe, Pylon  
  64  5:14  Pylon x2, Sentry  
  65  5:18  Probe  
  66  5:29  Pylon  
  66  5:30  Probe  
  66  5:32  Probe  
  66  5:33  Robotics Facility  
  68  5:38  Phoenix  
  68  5:40  Probe, Pylon  
  71  5:44  Probe  
  71  5:47  Twilight Council  
  72  5:50  Forge  
  72  5:51  Probe  
  72  5:54  Sentry  
  72  5:56  Probe  
  76  6:02  Probe, Zealot x2  
  81  6:05  Pylon, Phoenix  
  81  6:06  Pylon  
  81  6:08  Probe  
  84  6:13  Protoss Ground Weapons Level 1 (Chrono Boost)  
  84  6:16  Pylon  
  84  6:24  Observer (Chrono Boost)  
  85  6:28  Zealot x3  
  85  6:29  Robotics Facility  
  91  6:41  Pylon, Nexus  
  91  6:48  Phoenix  
  91  6:51  Probe  
  91  6:53  Pylon  
  94  6:58  Twilight Council  
  94  6:59  Immortal (Chrono Boost)  
  94  7:01  Probe  
  99  7:08  Sentry x3  
  105  7:13  Photon Cannon  
  105  7:15  Pylon  
  83  7:30  Probe x2  
  83  7:35  Zealot, Adept  
  83  7:36  Zealot  
  81  7:41  Immortal (Chrono Boost)  
  81  7:42  Probe x2  
  86  7:54  Probe x3  
  89  8:02  Sentry x3, Assimilator  
  95  8:06  Probe, Assimilator  
  95  8:07  Blink (Chrono Boost)  
  96  8:16  Immortal (Chrono Boost)  
  96  8:21  Protoss Ground Weapons Level 2 (Chrono Boost)  
  100  8:30  Immortal  
  104  8:38  Probe  
  104  8:39  Probe  
  104  8:40  Probe, Sentry x2  
  111  8:50  Gateway  
  111  8:52  Gateway  
  111  8:53  Sentry  
  111  8:55  Immortal, Gateway  
  113  9:01  Gateway  
  121  9:10  Immortal  
  121  9:22  Sentry, Stalker x2  
  125  9:24  Gateway  
  125  9:29  Warp Prism  
  127  9:46  Sentry  
  127  9:47  Stalker x2  
  133  9:55  Nexus  
  133  9:56  Pylon  
  133  9:58  Zealot  
  135  10:03  Pylon  
  135  10:09  Stalker x3  
  139  10:23  Stalker x3  
  139  10:24  Stalker x2  
  149  10:31  Pylon  
  149  10:32  Photon Cannon  
  149  10:33  Sentry x3  
  149  10:35  Pylon  
  155  10:50  Zealot x2  
  155  10:51  Zealot x3  
  165  10:57  Sentry  
  165  10:58  Sentry x2  
  161  11:11  Sentry x3, Stalker x2  
  169  11:23  Stalker  
  169  11:24  Stalker x2  
  153  11:44  Stalker x4  
  153  11:45  Stalker  
  151  11:51  Stalker x2  
  151  11:52  Stalker  
  75  12:08  Stalker  
  75  12:09  Stalker x4  
  75  12:11  Probe  
  86  12:16  Stalker x3  
  92  12:31  Sentry x2  
  92  12:32  Sentry, Stalker x2  
  102  12:43  Immortal (Chrono Boost)  
  102  12:45  Zealot x3  
  102  12:46  Immortal (Chrono Boost)  
  115  12:53  Zealot  
  115  12:54  Zealot  
  115  12:55  Zealot x3  
  125  13:16  Stalker x3  
  125  13:17  Stalker x5  
  141  13:39  Stalker  
  141  13:40  Stalker x7  
  145  14:01  Stalker  
  139  14:08  Stalker x2  
  139  14:09  Stalker x2  

Tags
 
Add a new tag
Caveats
  • Supply blocks, unpowered buildings, or Contaminate may cause inaccurate times.
  • Supply counts are checked every 10 seconds.